 Dungeon Crawl Stone Soup version 0.30-a0-222-ge547ba4400 (webtiles) character file.

Game seed: 3606238352614159234

109 porpoise the Poker (level 4, -2/37 HPs)
             Began as a Merfolk Reaver on Oct 9, 2022.
             Slain by an orc
             ... wielding a +0 flail
              (5 damage)
             ... on level 3 of the Dungeon.
             The game lasted 00:09:50 (2180 turns).

porpoise the Poker (Merfolk Reaver)                 Turns: 2180, Time: 00:09:51

Health: -2/37      AC:  3    Str: 14    XL:     4   Next: 89%
Magic:  7/7        EV: 12    Int: 12    God:
Gold:   55         SH:  0    Dex: 12    Spells: 6/7 levels left

rFire   . . .      SeeInvis .    a - +0 spear
rCold   . . .      Faith    .    (no shield)
rNeg    . . .      Spirit   .    b - +0 leather armour
rPois   .          Reflect  .    (no helmet)
rElec   .          Harm     .    (no cloak)
rCorr   .          Rampage  .    (no gloves)
Will    +....                    (no boots)
Stlth   ++........               (no amulet)
HPRegen 0.26/turn                d - ring of willpower
MPRegen 0.10/turn                (no ring)

@: no status effects
A: (nimble swimmer 2), mertail
a: no special abilities


You were on level 3 of the Dungeon.
You visited 1 branch of the dungeon, and saw 3 of its levels.

You collected 55 gold pieces.

Inventory:

Hand Weapons
 a - a +0 spear (weapon)
Missiles
 c - 4 javelins
Armour
 b - a +0 leather armour (worn)
 e - a +0 ring mail
Jewellery
 d - a ring of willpower (left hand)
Scrolls
 h - a scroll of enchant armour {unknown}
 j - 2 scrolls of immolation {unknown}
Potions
 f - 2 potions of haste
 g - a potion of attraction
 i - a potion of lignification
 k - a potion of magic


   Skills:
 + Level 3.6 Fighting
 + Level 5.4 Polearms
 - Level 2.6 Dodging
 - Level 2.4 Stealth
 - Level 2.0 Spellcasting
 - Level 2.4 Conjurations


You had 6 spell levels left.
You knew the following spells:

 Your Spells              Type           Power      Damage    Failure   Level
a - Kiss of Death         Conj/Necr      16%        2d6       22%         1

Your spell library contained the following spells:

 Spells                   Type           Power      Damage    Failure   Level
 Momentum Strike          Conj/Tloc      8%         3d8       32%         2
 Hailstorm                Conj/Ice       4%         3d4       54%         3
 Call Canine Familiar     Summ           1%         N/A       71%         3
 Kindle Blastsparks       Fire/Tloc/Air  2%         2d10      71%         3
 Portal Projectile        Hex/Tloc       2%         N/A       71%         3
 Fulminant Prism          Conj/Hex       2%         3d6       91%         4
 Iskenderun's Mystic Bla  Conj/Tloc      4%         2d3       91%         4
 Leda's Liquefaction      Hex/Erth       0%         N/A       98%         4
 Lee's Rapid Deconstruct  Erth           0%         3d5*      100%        5


Dungeon Overview and Level Annotations

Branches:
Dungeon (3/15)

Altars:


Innate Abilities, Weirdness & Mutations

((You are very nimble when in or above water. (Stealth+, EV+, Speed+++)))
Your lower body shifts to a powerful aquatic tail in water.


Message History

The orc wizard barely misses you.
You hit the orc wizard.
The orc wizard is almost dead.
The orc wizard hits you but does no damage.
You hit the orc wizard but do no damage.
The orc wizard is almost dead.
The orc wizard closely misses you.
You closely miss the orc wizard.
The orc wizard is almost dead.
The orc wizard casts a spell at you. The magic dart hits you!
You hit the orc wizard but do no damage.
The orc wizard is almost dead.
You barely miss the orc wizard.
The orc wizard is almost dead.
The orc wizard closely misses you.
You closely miss the orc wizard.
The orc wizard is almost dead.
The orc wizard gestures at you while chanting.
The magic dart hits you!
You hit the orc wizard but do no damage.
The orc wizard is almost dead.
The orc wizard barely misses you.
You hit the orc wizard but do no damage.
The orc wizard is almost dead.
The orc wizard gestures at you while chanting.
The magic dart hits you.
* * * LOW HITPOINT WARNING * * *
You hit the orc wizard.
You kill the orc wizard!
You hit the orc.
The orc is lightly wounded.
You hit the orc.
The orc is heavily wounded.
The orc hits you with a +0 flail.
* * * LOW HITPOINT WARNING * * *
You barely miss the orc.
The orc is heavily wounded.
The orc hits you with a +0 flail.
You die...

#.# #.# #.# #.# . #.#
... #.##########
....# #..........#
......##.####.##.#
#.....o@.####.##.###
....[.####....>....##
....# ##...........#
... .........#.#..# .
###..##..#.#..#
.>.......#.#..#
###..###......###.
.................
##..###......###.


You could see an orc.

Vanquished Creatures
  An orc wizard (D:3)
  2 adders (D:2)
  A worm (D:2)
  2 dart slugs
  An orc (D:3)
  A ball python (D:2)
  6 endoplasms
  2 giant cockroaches (D:1)
  5 goblins
  6 hobgoblins
  8 jackals
  A quokka (D:1)
  3 bats
  2 frilled lizards (D:1)
  5 kobolds (D:1)
  6 rats
52 creatures vanquished.

Notes
Turn   | Place    | Note
-------+----------+-------------------------------------------
     0 | D:1      | porpoise the Merfolk Reaver began the quest for the Orb.
     0 | D:1      | Reached XP level 1. HP: 16/16 MP: 3/3
    75 | D:1      | Reached XP level 2. HP: 20/23 MP: 5/5
   110 | D:1      | Reached skill level 1 in Stealth
   425 | D:1      | Reached XP level 3. HP: 28/28 MP: 6/6
  1033 | D:1      | Found a faded altar of an unknown god.
  1481 | D:2      | Reached XP level 4. HP: 35/35 MP: 7/7
  1545 | D:2      | Reached skill level 5 in Polearms
  2180 | D:3      | Slain by an orc

Illustrated notes

Levels and vault maps discovered:
D:1:      tarquinn_simple_flora_water_d, layout_loops_corners,
          shapermc_ecumenical_altar_mp_vishouse, minmay_tall_x
D:2:      layout_loops_cross, reono_crystal_passage
D:3:      layout_loops_ring, gammafunk_temple_overflow_pools, chequers_jeans

Skill      XL: |  1  2  3  4 |
---------------+-------------+-----
Stealth        | 1 2 |  2.4
Fighting       | 3 |  3.6
Polearms       | 5 |  5.4
Dodging        | |  2.6
Spellcasting   | |  2.0
Conjurations   | |  2.4

Action                   |  1- 3 |  4- 6 || total
-------------------------+-------+-------++-------
Melee: Spear             |   173 |    79 ||   252
       Punch             |     1 |       ||     1
  Use: Scroll            |       |     4 ||     4
 Stab: Sleeping          |     1 |     2 ||     3
Armor: Leather armour    |    15 |     9 ||    24
       Ring mail         |    12 |     5 ||    17
Dodge: Dodged            |    65 |    25 ||    90

Table legend: (Time is in decaauts)
 A = Elapsed time spent in this place.
 B = Non-inter-level travel time spent in this place.
 C = Inter-level travel time spent in this place.
 D = Time resting spent in this place.
 E = Time spent auto-exploring this place.
 F = Levels seen in this place.
 G = Mean time per level.
                   A        B        C        D        E       F      G
               +--------+--------+--------+--------+--------+-----+--------+
         Total |   2145 |   2097 |     48 |    290 |   1353 |   3 |  715.0 |
       Dungeon |   2145 |   2097 |     48 |    290 |   1353 |   3 |  715.0 |
               +--------+--------+--------+--------+--------+-----+--------+

Top non-repeatable levels by time:
     D:1: 1112 daAuts
     D:2: 928 daAuts
     D:3: 105 daAuts
